 Dungeon Crawl Stone Soup version 0.24.0-125-gc4c63601f3 (webtiles) character file.

Game seed: 7375543853029864519, levelgen mode: deterministic

1675 Destapler the Ruffian (level 8, 81/81 HPs)
             Began as a Troll Warper on Mar 14, 2020.
             Got out of the dungeon alive.
             The game lasted 00:16:21 (4709 turns).

Destapler the Ruffian (Troll Warper)                Turns: 4709, Time: 00:16:21

Health: 81/81      AC: 10    Str: 21    XL:     8   Next: 70%
Magic:  13/13      EV: 10    Int:  9    God:
Gold:   327        SH:  0    Dex: 10    Spells: 12/15 levels left

rFire    . . .     SeeInvis +     - Unarmed
rCold    + . .     Gourm    +   (no shield)
rNeg     . . .     Faith    .   x - +2 robe {rC+}
rPois    .         Spirit   .   (helmet restricted)
rElec    .         Reflect  .   u - +1 cloak
rCorr    .         Harm     .   (gloves unavailable)
MR       .....                  (boots unavailable)
Stlth    +.........             (no amulet)
HPRegen  0.63/turn              C - ring of see invisible
MPRegen  0.13/turn              (no ring)

@: no status effects
A: large, unfitting armour, claws 3, fast metabolism 3, gourmand, regeneration
1, shaggy fur 1, tough skin 3
a: no special abilities


You escaped.
You were full.

You visited 1 branch of the dungeon, and saw 7 of its levels.
You also visited: Sewer.

You collected 327 gold pieces.

Inventory:

Missiles
 d - 5 boomerangs of dispersal (quivered)
 n - 174 stones
 v - 2 atropa-tipped darts
 E - 10 poisoned darts
 F - 2 boomerangs
Armour
 a - a +0 robe
 u - a +1 cloak (worn)
 x - a +2 robe of cold resistance (worn)
 z - the cursed +0 robe "Piso" {MR+, unknown}
   (You found it on level 5 of the Dungeon)

   It affects your resistance to hostile enchantments.
   It has a curse placed upon it.
Jewellery
 C - a ring of see invisible (left claw)
Wands
 b - a wand of iceblast (6)
 r - a wand of acid (11)
 y - a wand of digging (7)
 B - a wand of disintegration (14)
Scrolls
 c - 3 scrolls of blinking
 i - 2 scrolls of teleportation
 j - a scroll of fog
 o - a scroll of fear {unknown}
 p - a scroll of remove curse
 q - 14 scrolls of identify
 A - a scroll of amnesia
Potions
 e - 5 potions of might {unknown}
 g - a potion of magic {unknown}
 h - 7 potions of heal wounds {unknown}
 k - 2 potions of flight
 l - a potion of berserk rage {unknown}
 m - 4 potions of curing {unknown}
 s - a potion of cancellation {unknown}
 t - 4 potions of brilliance {unknown}
 w - 3 potions of lignification {unknown}
 D - a potion of haste {unknown}
Comestibles
 f - 17 rations


   Skills:
 + Level 5.4 Fighting
 - Level 0.8 Throwing
 - Level 1.9 Dodging
 + Level 6.4 Unarmed Combat
 + Level 4.4 Spellcasting
 - Level 2.1 Translocations


You had 12 spell levels left.
You knew the following spells:

 Your Spells              Type           Power        Failure   Level  Hunger
b - Blink                 Tloc           N/A          16%         2    ##.....
f - Magic Dart            Conj           #...         26%         1    #......

Your spell library contained the following spells:

 Spells                   Type           Power        Failure   Level  Hunger
 Shroud of Golubria       Chrm/Tloc      #.....       26%         2    ##.....
 Gell's Gravitas          Tloc           #.........   32%         3    ###....
 Lesser Beckoning         Tloc           #.........   32%         3    ###....
 Teleport Other           Tloc           #.......     32%         3    ###....
 Call Imp                 Summ           #.......     36%         2    ##.....
 Slow                     Hex            #.......     36%         2    ##.....
 Conjure Flame            Conj/Fire      #.......     61%         3    ###....
 Mephitic Cloud           Conj/Pois/Air  #.......     61%         3    ###....
 Passage of Golubria      Tloc           N/A          71%         4    #####..


Dungeon Overview and Level Annotations

Branches:
Dungeon (7/15)              Sewer (visited)
 Temple: D:4-7

Altars:
Ashenzari

Shops:
D:4 :


Innate Abilities, Weirdness & Mutations

You are too large for most types of armour.
You have claws for hands.
Your metabolism is lightning-fast.
You like to eat raw meat.
Your natural rate of healing is unusually fast.
You are covered in fur. (AC +1)
You have extremely tough skin. (AC +3)


Message History

You climb upwards.
There is a stone staircase leading down here.
There is an escape hatch in the ceiling here.
There is a stone staircase leading up here.
You climb upwards.
There is a stone staircase leading down here.
Things that are here:
a +0 club; a +0 leather armour
There is a stone staircase leading up here.
You climb upwards.
There is a stone staircase leading down here.
There is a stone staircase leading up here.
You climb upwards.
There is a stone staircase leading down here.
There is a stone staircase leading up here.
You climb upwards.
There is a stone staircase leading down here.
There is a staircase leading out of the dungeon here.
Are you sure you want to leave the Dungeon?
This will make you lose the game!
You have escaped!

...#.##...######..### #######
#.##..............# #......
..#####..........###### #......
..###.................# #......
))...........#.....##.# #......
..###.......######.##.# #).....
.............8.....8..# ##......
.......>.....#.....#..####....###
####.........#..@..#..#.......#
###..#.......#.....#..........#
#..(.........8.....8..........##
..##........##.######.#........#
.###.........#.....#.........#.#
.###.........................#.#
.............................#.#
..##........###..#..###......#.#
#.###..###.#.......## #......#.#


There were no monsters in sight!

Vanquished Creatures
  A hippogriff (D:3)
  A sky beast (D:5)
  An ice beast (D:5)
  A phantom (D:4)
  An ogre (D:4)
  A centaur (D:6)
  3 big kobolds (Sewer)
  Blork the orc (D:4)
  A bullfrog (D:6)
  A water moccasin zombie (D:5)
  A scorpion (D:5)
  2 howler monkeys
  A bullfrog zombie (D:5)
  A jelly (D:5)
  A hound (D:4)
  An orc priest (D:6)
  An orc wizard (D:4)
  A bullfrog skeleton (D:5)
  An iguana (D:4)
  3 worker ants
  A hound zombie (D:5)
  3 gnolls (D:6)
  A howler monkey skeleton (D:6)
  7 adders
  A river rat (D:5)
  A shadow imp (D:6)
  3 oozes (Sewer)
  An adder skeleton (D:5)
  A worm (D:5)
  3 dart slugs
  5 leopard geckos
  15 orcs
  10 bats
  4 giant cockroaches
  4 goblins
  9 hobgoblins
  2 jackals (D:4)
  2 quokkas
  5 ball pythons
  2 frilled lizards
  15 kobolds
  11 rats
131 creatures vanquished.

Notes
Turn   | Place    | Note
-------+----------+-------------------------------------------
     0 | D:1      | Destapler the Troll Warper began the quest for the Orb.
     0 | D:1      | Reached XP level 1. HP: 19/19 MP: 1/1
    44 | D:1      | Reached XP level 2. HP: 27/27 MP: 3/3
   454 | D:2      | Reached XP level 3. HP: 33/33 MP: 5/5
   818 | D:2      | Learned a level 2 spell: Blink
   820 | D:2      | Learned a level 1 spell: Magic Dart
   889 | D:2      | Reached XP level 4. HP: 42/42 MP: 6/6
  1142 | D:3      | Noticed a hippogriff
  1710 | D:3      | Killed a hippogriff
  1710 | D:3      | Reached skill level 3 in Unarmed Combat
  1710 | D:3      | Reached XP level 5. HP: 7/52 MP: 1/8
  1710 | D:3      | Reached XP level 6. HP: 8/59 MP: 1/9
  1959 | D:4      | Found a shattered altar of Ashenzari.
  2009 | D:4      | Reached skill level 4 in Unarmed Combat
  2051 | D:4      | Found Weehoh's Book Shoppe.
  2262 | D:4      | Noticed Blork the orc
  2283 | D:4      | Killed Blork the orc
  2283 | D:4      | Reached XP level 7. HP: 33/67 MP: 10/10
  2903 | D:5      | Entered Level 5 of the Dungeon
  3045 | D:5      | Reached skill level 5 in Unarmed Combat
  3099 | D:5      | Found a glowing drain.
  3122 | Sewer    | Entered a sewer
  3322 | Sewer    | Reached XP level 8. HP: 75/79 MP: 12/12
  3556 | D:5      | Got a warped robe
  3859 | D:5      | Reached skill level 5 in Fighting
  3859 | D:5      | Reached skill level 6 in Unarmed Combat
  4709 | D:$      | Got out of the dungeon alive.

Levels and vault maps discovered:
D:1:      scummos_arrival_simple_crosswalls, layout_rooms
D:2:      layout_basic, minmay_hedge_maze
D:3:      layout_basic
D:4:      layout_basic, serial_shops, nicolae_shop_statue_plus,
          evilmike_ruin_ashenzari, uniq_blork_the_orc
D:5:      layout_loops_ring, portal_sewer_entry_b, first_ration, minivault_25,
          hangedman_decor_peaks_small
D:6:      layout_loops_ring, kennysheep_generic_room_10
D:7:      layout_basic, temple_doors_ab, serial_aquarium,
          aquarium_bridge_long_separate [aquarium_subvault_wall,
          aquarium_subvault_window, aquarium_subvault_bridge,
          aquarium_subvault_bridge, aquarium_subvault_bridge,
          aquarium_subvault_wall], aquarium_window_2, aquarium_window_1,
          aquarium_window_3, aquarium_view_2c

Skill      XL: |  1  2  3  4  5  6  7  8 |
---------------+-------------------------+-----
Spellcasting   | 2 3 4 |  4.4
Fighting       | 2 3 4 5 |  5.4
Unarmed Combat | 3 4 5 6 |  6.4
Throwing       | |  0.8
Dodging        | |  1.9
Translocations | |  2.1

Action                   |  1- 3 |  4- 6 |  7- 9 || total
-------------------------+-------+-------+-------++-------
Melee: Unarmed           |    99 |   121 |   206 ||   426
       Punch             |     1 |       |     2 ||     3
 Cast: Magic Dart        |     2 |     8 |       ||    10
       Blink             |       |     2 |       ||     2
  Use: Scroll            |       |       |     9 ||     9
 Stab: Distracted        |       |     1 |       ||     1
  Eat: Chunk             |    14 |    13 |    20 ||    47
Armor: Robe              |    45 |    54 |    85 ||   184
Dodge: Dodged            |    63 |    46 |    95 ||   204
